 Dungeon Crawl Stone Soup version 0.30.0-29-ga12c61a403 (webtiles) character file.

Game seed: 15010828365416616838

221 BONEBRO the Poker (level 6, 41/41 HPs)
             Began as a Formicid Wanderer on June 22, 2023.
             Quit the game on level 3 of the Dungeon.
             The game lasted 00:10:52 (2839 turns).

BONEBRO the Poker (Formicid Wanderer)               Turns: 2839, Time: 00:10:52

Health: 41/41      AC:  7    Str: 17    XL:     6   Next: 18%
Magic:  7/7        EV:  7    Int: 13    God:
Gold:   187        SH:  0    Dex: 13    Spells: 6/7 levels left

rFire   . . .        a - +2 quarterstaff
rCold   + . .        (no shield)
rNeg    . . .        q - +2 chain mail {rC+}
rPois   .            (helmet unavailable)
rElec   .            (no cloak)
rCorr   .            (no gloves)
SInv    +            (no boots)
Will    .....        (no amulet) Stlth
                     (no ring)
HPRegen 0.26/turn    (no ring)
MPRegen 0.10/turn

%: no passive effects
@: no status effects
A: permanent stasis, dig shafts and tunnels, antennae 3, four strong arms,
deformed body, noise suppression
a: Dig, Shaft Self


You were on level 3 of the Dungeon.
You visited 1 branch of the dungeon, and saw 3 of its levels.

You collected 187 gold pieces.

Inventory:

Hand Weapons
 a - a +2 quarterstaff (weapon)
Missiles
 r - 2 throwing nets
Armour
 b - a +0 ring mail
 q - a +2 chain mail of cold resistance (worn)
Wands
 o - a wand of iceblast (4)
 v - a wand of flame (17)
Scrolls
 f - 5 scrolls of identify {unknown}
 g - a scroll of teleportation {unknown}
 h - 3 scrolls of noise {unknown}
 j - 3 scrolls of magic mapping
 k - 2 scrolls of fog {unknown}
 l - 5 scrolls of enchant armour {unknown}
 m - a scroll of immolation {unknown}
 p - 2 scrolls of vulnerability {unknown}
 u - a scroll of poison {unknown}
Potions
 c - 2 potions of invisibility
 d - a potion of heal wounds
 e - 2 potions of attraction
 i - a potion of might {unknown}
 n - 4 potions of curing {unknown}
 s - a potion of brilliance {unknown}
 t - a potion of magic {unknown}


   Skills:
 + Level 4.2(5.0) Polearms
 - Level 4.0(4.8) Staves
 - Level 3.2 Armour
 - Level 1.0 Dodging
 - Level 1.1 Spellcasting
 + Level 3.5 Ice Magic


You had 6 spell levels left.
You knew the following spells:

 Your Spells              Type           Power      Damage    Failure   Level
a - Freeze                Ice            40%        1d6       56%         1

Your spell library contained the following spells:

 Spells                   Type           Power      Damage    Failure   Level
 Hailstorm                Conj/Ice       5%         3d4       99%         3
 Arcjolt                  Conj/Air       0%         1d10      100%        5
 Plasma Beam              Fire/Air       0%         2x1d11    100%        6
 Vhi's Electric Charge    Tloc/Air       Unusable   N/A       N/A         3

Dungeon Overview and Level Annotations

Branches:
Dungeon (3/15)

Altars:
Gozag
Hepliaklqana
Nemelex Xobeh
Qazlal
Sif Muna
Trog
Uskayaw


Innate Abilities, Weirdness & Mutations

You cannot be hasted, slowed, berserked, paralysed or teleported.
You can dig through walls and to a lower floor.
You have a pair of large antennae on your head. (SInv)
Your four strong arms can wield two-handed weapons with a shield.
Armour fits poorly on your strangely shaped body.
You passively dampen the noise of your surroundings.


Message History

The bat hits you but does no damage. The endoplasm closely misses you.
You hit the endoplasm.
You kill the endoplasm!
The bat hits you but does no damage. The bat hits you but does no damage.
You hit the bat.
You kill the bat!
No target in view!
No target in view!
No target in view!
No target in view!
No target in view!
No target in view!
No target in view!
No target in view!
No target in view!
No target in view!
No target in view!
No target in view!
No target in view!
No target in view!
f - 5 scrolls labelled TAUGUBEKHUT (gained 1)
Found a stone staircase leading up.
There is an opulent altar of Gozag here.
There is an opulent altar of Gozag here.
You see here a +0 flail.
Items here: )))) [.
l - 5 scrolls labelled QANEBB VEICUSE (gained 1)
There is an open gate here.
There is an open gate here.
Done exploring.
Done exploring.
Unknown command.
Unknown command.
Okay, then.
As you read the scroll labelled ZIDWISCHICE, it crumbles to dust.
You feel aware of your surroundings.
It was a scroll of magic mapping.
Okay, then.
Unknown command.
Are you sure you want to abandon this character and quit the game? (Confirm with "yes".)

.).....##
.)).....##########
##<..............#
.##.....§........#
..##....§≈≈≈§≈≈.[##
...#...§§≈§≈≈≈§...#
...##....)...≈§...#
≈...#...§....≈§§..#
≈...##.♣♣♣♣..≈§§@.#
≈..^##....♣..≈§§..#
...###.._.♣..≈≈...#
...# #....♣.......#
..## #............#
.### ###.####.##..#
##.# #.........##
.#.# #.#########
...# ##.#


There were no monsters in sight!

Vanquished Creatures
  2 orc priests (D:3)
  Jessica (D:3)
  2 adders
  4 gnolls (D:3)
  12 orcs (D:3)
  4 endoplasms
  4 giant cockroaches
  8 goblins
  3 hobgoblins
  A quokka (D:2)
  5 ball pythons
  9 bats
  4 kobolds
  9 rats
68 creatures vanquished.

Notes
Turn   | Place    | Note
-------+----------+-------------------------------------------
     0 | D:1      | BONEBRO the Formicid Wanderer began the quest for the Orb.
     0 | D:1      | BONEBRO set off with the following items: a +2
                  | quarterstaff, a +0 ring mail, a potion of invisibility; and
                  | the following spell memorised: Freeze; and the following
                  | spells available to memorise: Hailstorm.
     0 | D:1      | Reached XP level 1. HP: 13/13 MP: 2/2
    30 | D:1      | Reached skill level 1 in Polearms
   209 | D:1      | Reached XP level 2. HP: 19/19 MP: 3/3
   440 | D:1      | Reached XP level 3. HP: 24/24 MP: 4/4
   818 | D:2      | Found a faded altar of an unknown god.
   945 | D:2      | Gained mutation: You occasionally lose the ability to read
                  | scrolls when taking damage. [potion of mutation]
   945 | D:2      | Gained mutation: You are partially covered in iridescent
                  | scales. (AC +2) [potion of mutation]
   981 | D:2      | Found a hazy altar of Hepliaklqana.
  1193 | D:2      | Reached XP level 4. HP: 30/30 MP: 5/5
  1623 | D:2      | Lost mutation: You are partially covered in iridescent
                  | scales. (AC +2) [potion of mutation]
  1623 | D:2      | Lost mutation: You occasionally lose the ability to read
                  | scrolls when taking damage. [potion of mutation]
  1623 | D:2      | Gained mutation: Your system is resistant to poisons.
                  | (rPois) [potion of mutation]
  1623 | D:2      | Gained mutation: Your spells are a little harder to cast,
                  | but a little more powerful. [potion of mutation]
  1623 | D:2      | Gained mutation: Your flesh is heat resistant. (rF+)
                  | [potion of mutation]
  1623 | D:2      | Gained mutation: You have sharp toenails. [potion of
                  | mutation]
  1660 | D:3      | Found a stormy altar of Qazlal.
  1676 | D:3      | Found a bloodstained altar of Trog.
  1715 | D:3      | Reached XP level 5. HP: 20/35 MP: 6/6
  1776 | D:3      | Lost mutation: You have sharp toenails. [potion of
                  | mutation]
  1776 | D:3      | Lost mutation: Your system is resistant to poisons. (rPois)
                  | [potion of mutation]
  1776 | D:3      | Lost mutation: Your flesh is heat resistant. (rF+) [potion
                  | of mutation]
  1776 | D:3      | Gained mutation: You possess an exceptional clarity of
                  | mind. [potion of mutation]
  1777 | D:3      | Lost mutation: You possess an exceptional clarity of mind.
                  | [potion of mutation]
  1777 | D:3      | Lost mutation: Your spells are a little harder to cast, but
                  | a little more powerful. [potion of mutation]
  1777 | D:3      | Gained mutation: You are dopey. (Int -2) [potion of
                  | mutation]
  1777 | D:3      | Gained mutation: You have large cloven feet. [potion of
                  | mutation]
  1777 | D:3      | Gained mutation: Your flesh is heat resistant. (rF+)
                  | [potion of mutation]
  2047 | D:3      | Found a hide-covered altar of Uskayaw.
  2072 | D:3      | Reached XP level 6. HP: 8/41 MP: 7/7
  2266 | D:3      | Noticed Jessica
  2446 | D:3      | Found a shimmering blue altar of Sif Muna.
  2450 | D:3      | Killed Jessica
  2456 | D:3      | Lost mutation: You have large cloven feet. [potion of
                  | mutation]
  2456 | D:3      | Lost mutation: You are dopey. (Int -2) [potion of mutation]
  2456 | D:3      | Lost mutation: Your flesh is heat resistant. (rF+) [potion
                  | of mutation]
  2456 | D:3      | Gained mutation: Armour fits poorly on your strangely
                  | shaped body. [potion of mutation]
  2456 | D:3      | Gained mutation: You passively dampen the noise of your
                  | surroundings. [potion of mutation]
  2554 | D:3      | Found a sparkling altar of Nemelex Xobeh.
  2600 | D:3      | Found an opulent altar of Gozag.
  2604 | D:3      | Found an opulent altar of Gozag.
  2604 | D:3      | Found an opulent altar of Gozag.
  2611 | D:3      | Found an opulent altar of Gozag.
  2839 | D:3      | Quit the game

Illustrated notes

Levels and vault maps discovered:
D:1:      scummos_arrival_forest, layout_basic
D:2:      layout_basic, shapermc_ecumenical_altar_mp_ritualfount, basic_altar
D:3:      layout_basic, mainiacjoe_overflow_chevrons,
          nicolae_gozag_conspicuous_consumption, tgw_sif, nemelex_altar_shiori,
          mainiacjoe_overflow_catwalk_spiral, kennysheep_orc_chapel

Skill      XL: |  1  2  3  4  5 |
---------------+----------------+-----
Polearms       | 1 2 3 4 |  4.2
Ice Magic      | 3 |  3.5
Staves         | |  4.0
Armour         | |  3.2
Dodging        | |  1.0
Spellcasting   | |  1.1

Action                     |  1- 3 |  4- 6 || total
---------------------------+-------+-------++-------
  Melee: Quarterstaff      |    87 |    86 ||   173
         Kick              |       |    16 ||    16
         Punch             |       |     1 ||     1
    Use: Potion            |     4 |     4 ||     8
         Scroll            |       |     1 ||     1
 Armour: Ring mail         |    62 |    21 ||    83
         Chain mail        |       |    50 ||    50
  Dodge: Dodged            |    54 |    48 ||   102
